AoeStats
← FC_M@sTer

Arabia

505602048Analyzed
1v1 RM · 23d ago on Sep 10, 2026· 55m 3s· 2 players
Game mode
Random Map
Map size
Tiny (2 player)
Population
200
Speed
Normal
Resources
Standard
Victory
Conquest
Starting age
Dark Age
Ending age
Imperial Age
RankedLock teamsTeams togetherTeam positionsShared explorationLock speedFull tech treeHidden civsTurbo modeCheats
Victory
Defeat
🇮🇳 Persians · India
1498
+19
🇨🇴 Persians · Colombia
1555
-19
suny619
11:51 Feudal Age
12:08 Man-at-Arms
12:48 Double-Bit Axe
16:12 Loom
16:13 Town Watch
21:48 Castle Age
20:41 Horse Collar
21:22 Gold Mining
22:15 Fletching
25:36 Bodkin Arrow
27:32 Bloodlines
27:22 Husbandry
31:59 Husbandry
32:46 Wheelbarrow
36:46 Hand Cart
42:41 Imperial Age
42:35 Parthian Tactics
42:16 Thumb Ring
43:13 Heavy Camel Rider
44:54 Murder Holes
45:11 Masonry
45:51 Ballistics
46:31 Chemistry
49:18 Conscription
51:42 Light Cavalry
FC_M@sTer
4:42 Loom
8:41 Feudal Age
19:56 Double-Bit Axe
20:16 Fletching
21:07 Town Watch
24:22 Castle Age
23:22 Gold Mining
24:45 Bloodlines
24:08 Man-at-Arms
28:11 Husbandry
29:45 Scale Barding Armor
31:56 Fervor
42:53 Imperial Age
42:12 Forging
48:12 Pikeman
49:16 Block Printing
50:16 Iron Casting
52:45 Blast Furnace
54:39 Scale Mail Armor
55:03 Squires
Connection lost

Rejoining the realm…

Still unreachable

The connection could not be restored.

Session expired

The server has moved on; the page needs a fresh start.